 Dungeon Crawl Stone Soup version 0.27.1-34-g3ba077fa99 (webtiles) character file.

Game seed: 6859026517835215080

2 Doot the Caller (level 1, 0/10 HPs)
             Began as a Tengu Summoner on Jan 19, 2022.
             Frozen to death by an endoplasm (5 damage)
             ... on level 1 of the Dungeon.
             The game lasted 00:00:17 (204 turns).

Doot the Caller (Tengu Summoner)                     Turns: 204, Time: 00:00:17

Health: 0/10       AC:  2    Str:  8    XL:     1   Next: 30%
Magic:  0/4        EV: 12    Int: 15    God:
Gold:   0          SH:  0    Dex: 14    Spells: 3/4 levels left

rFire    . . .     SeeInvis .   b - +0 short sword
rCold    . . .     Faith    .   (no shield)
rNeg     . . .     Spirit   .   a - +0 robe
rPois    .         Reflect  .   (helmet restricted)
rElec    .         Harm     .   (no cloak)
rCorr    .         Rampage  .   (no gloves)
Will     .....                  (boots unavailable)
Stlth    ++........             (no amulet)
HPRegen  0.03/turn              (no ring)
MPRegen  0.09/turn              (no ring)

@: no status effects
A: beak, talons 3
a: no special abilities


You were on level 1 of the Dungeon.
You visited 1 branch of the dungeon, and saw 1 of its levels.

Inventory:

Hand Weapons
 b - a +0 short sword (weapon)
Armour
 a - a +0 robe (worn)


   Skills:
 + Level 2.2 Dodging
 + Level 2.0 Stealth
 + Level 2.0 Spellcasting
 + Level 4.9 Summonings


You had 3 spell levels left.
You knew the following spells:

 Your Spells              Type           Power      Damage    Failure   Level
a - Summon Small Mammal   Summ           64%        N/A       3%          1

Your spell library contained the following spells:

 Spells                   Type           Power      Damage    Failure   Level
 Call Imp                 Summ           16%        N/A       4%          2
 Call Canine Familiar     Summ           16%        N/A       9%          3
 Summon Guardian Golem    Hex/Summ       8%         N/A       24%         3
 Summon Lightning Spire   Summ/Air       8%         N/A       63%         4


Dungeon Overview and Level Annotations

Branches:
Dungeon (1/15)

Altars:


Innate Abilities, Weirdness & Mutations

You have a beak for a mouth.
You have claws for feet.


Message History

Your bat's corpse disappears in a puff of smoke!
Your quokka closely misses the kobold.
Your rat bites the kobold.
The kobold dies!
The rat closely misses your quokka. The rat closely misses your quokka.
The rat bites your rat.
Your rat dies!
Your rat's corpse disappears in a puff of smoke!
Your quokka closely misses the rat.
The rat closely misses your quokka.
Your quokka barely misses the rat.
The rat barely misses your quokka.
Your quokka barely misses the rat.
The rat completely misses your quokka.
Your quokka bites the rat but does no damage.
The rat completely misses your quokka.
Your quokka barely misses the rat.
The rat closely misses your quokka.
Your quokka closely misses the rat.
Your quokka bites the rat.
The rat dies!
You swap places.
Things that are here:
a +0 short sword; a stone; a kobold corpse
b - a +0 short sword (weapon)
Found 29 arrows and a scroll labelled XOHATHR MAECATI.
Found a stone staircase leading down.
Your quokka disappears in a puff of smoke!
An endoplasm comes into view.
Your rat disappears in a puff of smoke!
The endoplasm quivers.
The endoplasm jiggles.
Found a stone staircase leading down.
You see here a scroll labelled XOHATHR MAECATI.
Casting: Summon Small Mammal (safe; 3% risk of failure)
Confirm with . or Enter, or press ? or * to list all spells.
The endoplasm freezes you.
You are frozen.
Ouch! That really hurt!
Casting: Summon Small Mammal (safe; 3% risk of failure)
Confirm with . or Enter, or press ? or * to list all spells.
The endoplasm freezes you.
You are frozen.
Ouch! That really hurt!
You die...

.. #.. ≈≈≈≈≈≈≈≈≈♣♣♣..
##.###.. ≈≈≈♣≈≈♣#.###†
........###♣≈♣♣♣♣##.###[
##.....#.....##.##....#.
#...........(.#(......#.
...............##.....#.
.....r.........###....##
...............# #....#
......J@.r.....# #....#
...............# #....#
...............# #....#
#>............## #....#
##...>.#.....##
#############


You could see an endoplasm (ally target), a friendly quokka (summoned) and a
friendly rat (summoned).

Vanquished Creatures (collateral kills)
  A kobold (D:1)
  A frilled lizard (D:1)
  A rat (D:1)
3 creatures vanquished.

Notes
Turn   | Place    | Note
-------+----------+-------------------------------------------
     0 | D:1      | Doot the Tengu Summoner began the quest for the Orb.
     0 | D:1      | Reached XP level 1. HP: 10/10 MP: 4/4
   204 | D:1      | Frozen to death by an endoplasm

Illustrated notes

Levels and vault maps discovered:
D:1:      minmay_arrival_doors, layout_rooms, serial_glass, glass_columns_a,
          glass_columns_a, dreamdust_ecumenical_altar_hidden_monk_grotto,
          serial_bayou_ford_a

Action                   || total
-------------------------++-------
 Cast: Summon Small Mamm ||    12
Armor: Robe              ||     2
Dodge: Dodged            ||     4
